 Dungeon Crawl Stone Soup version 0.24.0-41-g2ae2f7f1be (webtiles) character file.

Game seed: 9736295509914294541, levelgen mode: deterministic

107 Kobolds4U the Conjurer (level 4, -3/24 HPs)
             Began as a Deep Elf Conjurer on Dec 14, 2019.
             Slain by a gnoll
             ... wielding a +0 spear
              (9 damage)
             ... on level 3 of the Dungeon.
             The game lasted 00:05:49 (2273 turns).

Kobolds4U the Conjurer (Deep Elf Conjurer)          Turns: 2273, Time: 00:05:49

Health: -3/24      AC:  6    Str:  6    XL:     4   Next: 57%
Magic:  6/10       EV: 13    Int: 20    God:
Gold:   48         SH:  0    Dex: 15    Spells: 3/9 levels left

rFire    . . .     SeeInvis .   h - +0 dagger
rCold    . . .     Gourm    .   (no shield)
rNeg     . . .     Faith    .   a - +0 robe
rPois    .         Spirit   .   i - +0 helmet
rElec    .         Reflect  .   (no cloak)
rCorr    .         Harm     .   (no gloves)
MR       .....                  n - +2 pair of boots
Stlth    ++........             (no amulet)
HPRegen  0.08/turn              (no ring)
MPRegen  0.12/turn              (no ring)

@: no status effects
A: no striking features
a: no special abilities


You were on level 3 of the Dungeon.
You were very hungry.

You visited 1 branch of the dungeon, and saw 3 of its levels.

You collected 48 gold pieces.

Inventory:

Hand Weapons
 h - a +0 dagger (weapon)
 s - a +0 short sword
Armour
 a - a +0 robe (worn)
 i - a +0 helmet (worn)
 n - a +2 pair of boots (worn)
Scrolls
 d - a scroll of immolation {unknown}
 g - a scroll of amnesia {unknown}
 j - a scroll of remove curse {unknown}
 k - a scroll of noise {unknown}
 m - 2 scrolls of enchant weapon {unknown}
 o - a scroll of teleportation {unknown}
 p - 6 scrolls of identify {unknown}
 r - a scroll of enchant armour {unknown}
Potions
 b - a potion of agility {unknown}
 e - 5 potions of curing {unknown}
 f - 2 potions of magic {unknown}
 l - a potion of might {unknown}
 q - a potion of degeneration {unknown}
Comestibles
 c - 5 rations


   Skills:
 - Level 2.4 Dodging
 - Level 2.4 Stealth
 - Level 3.0 Spellcasting
 + Level 6.6 Conjurations


You had 3 spell levels left.
You knew the following spells:

 Your Spells              Type           Power        Failure   Level  Hunger
a - Magic Dart            Conj           ####         1%          1    None
b - Searing Ray           Conj           ####..       1%          2    ##.....
c - Dazzling Spray        Conj/Hex       ###...       11%         3    ###....

Your spell library contained the following spells:

 Spells                   Type           Power        Failure   Level  Hunger
 Iskenderun's Mystic Bla  Conj           ####....     9%          4    ####...
 Force Lance              Conj/Tloc      ###.....     34%         4    ####...
 Fulminant Prism          Conj/Hex       ###.......   34%         4    ####...


Dungeon Overview and Level Annotations

Branches:
Dungeon (3/15)

Altars:
Xom


Message History

There are monsters nearby!
The gnoll closely misses you.
There is an open door here.
Casting: Magic Dart (safe; 1% risk of failure)
Confirm with . or Enter, or press ? or * to list all spells.
Aiming: Searing Ray (safe; 1% risk of failure)
Press: ? - help, Shift-Dir - straight line The searing ray hits the gnoll.
The gnoll is heavily wounded. (Press . to maintain the ray.)
The gnoll hits you from afar with a +0 spear!
The searing ray misses the gnoll.
The searing ray hits the gnoll.
The gnoll is moderately wounded.
The gnoll hits you from afar with a +0 spear.
The gnoll hits you with a +0 club.
* * * LOW HITPOINT WARNING * * *
The searing ray hits the gnoll!
You kill the gnoll!
The gnoll hits you from afar with a +0 spear!
You die...

#..# # #.#.#.. #..# .#
.?... #..####.## .....
#..##.... ...
#..##.#.# .g.
#..##.#.# #g#
#.......## #)#
#<.......# ##@##
#####....# ##...##
##...# ##.....##
##.#.####.......##
#####....###.........#
...........+.........+
#####....###....(....#
#..### ##.......##
#.## ##.....#####


You could see 2 gnolls.

Vanquished Creatures
  3 adders (D:2)
  A gnoll (D:3)
  A worm (D:2)
  A dart slug (D:1)
  2 leopard geckos
  5 giant cockroaches
  9 hobgoblins
  3 jackals (D:1)
  12 kobolds
  A quokka (D:2)
  A ball python (D:1)
  8 bats
  A frilled lizard (D:2)
  8 goblins
  4 rats (D:1)
60 creatures vanquished.

Notes
Turn   | Place    | Note
-------+----------+-------------------------------------------
     0 | D:1      | Kobolds4U the Deep Elf Conjurer began the quest for the
                  | Orb.
     0 | D:1      | Reached XP level 1. HP: 10/10 MP: 6/6
   204 | D:1      | Reached XP level 2. HP: 15/15 MP: 2/8
   208 | D:1      | Learned a level 2 spell: Searing Ray
   229 | D:1      | Found a shimmering altar of Xom.
   257 | D:1      | Reached skill level 5 in Conjurations
   277 | D:1      | You fall into a shaft and drop 1 floor!
   641 | D:1      | Reached XP level 3. HP: 11/19 MP: 0/9
  1442 | D:2      | Reached skill level 6 in Conjurations
  1532 | D:2      | Reached XP level 4. HP: 24/24 MP: 5/10
  1551 | D:2      | Learned a level 3 spell: Dazzling Spray
  2273 | D:3      | Slain by a gnoll

Levels and vault maps discovered:
D:1:      dpeg_arrival_morbid_curiosity, layout_basic, st_stairs_5,
          xom_teletrap_fun
D:2:      layout_rooms, serial_bayou_ford_a, kennysheep_boxes
D:3:      layout_loops_corners, evilmike_ruin_ashenzari

Skill      XL: |  1  2  3 |
---------------+----------+-----
Conjurations   | 5 6 |  6.6
Dodging        | |  2.4
Stealth        | |  2.4
Spellcasting   | |  3.0

Action                   |  1- 3 |  4- 6 || total
-------------------------+-------+-------++-------
Melee: Unarmed           |    17 |       ||    17
       Dagger            |     3 |       ||     3
 Cast: Magic Dart        |    75 |    25 ||   100
       Searing Ray       |     2 |     1 ||     3
  Eat: Chunk             |     2 |     1 ||     3
Armor: Robe              |     9 |     1 ||    10
Dodge: Dodged            |    46 |     3 ||    49
